 Dungeon Crawl Stone Soup version 0.24.0-124-g2791043dd8 (webtiles) character file.

Game seed: 1137161604127450804, levelgen mode: deterministic

1148 Mesmaeker13 the Digger (level 8, -3/46 HPs)
             Began as an Octopode Earth Elementalist on Feb 15, 2020.
             Was an Initiate of Gozag.
             Slain by a water moccasin (5 damage)
             ... on level 6 of the Dungeon.
             The game lasted 00:15:26 (6042 turns).

Mesmaeker13 the Digger (OpEE)                       Turns: 6042, Time: 00:15:27

Health: -3/46      AC:  1    Str:  7    XL:     8   Next: 38%
Magic:  11/13      EV: 16    Int: 19    God:    Gozag
Gold:   394        SH:  0    Dex: 13    Spells: 10/14 levels left

rFire    + + .     SeeInvis .   k - +2 spear (freeze)
rCold    . . .     Gourm    .   (no shield)
rNeg     . . .     Faith    .   (helmet restricted)
rPois    .         Spirit   .   (no amulet)
rElec    .         Reflect  .   e - ring of protection from fire
rCorr    .         Harm     .   i - ring of protection from fire
MR       .....                  (no ring)
Stlth    +++.......             (no ring)
HPRegen  0.15/turn              (no ring)
MPRegen  0.13/turn              (no ring)
                                (no ring)
                                (no ring)

@: lethally poisoned (-3 -> -12)
A: almost no armour, stealthy swim, amphibious, 8 rings, constrict 8, camouflage
1, gelatinous body 1
a: Potion Petition, Call Merchant, Bribe Branch, Renounce Religion


You were on level 6 of the Dungeon.
You worshipped Gozag.
Gozag was aware of your devotion.
You were very hungry.

You visited 2 branches of the dungeon, and saw 7 of its levels.
You also visited: Sewer.

You collected 490 gold pieces.
You paid 96 gold pieces to Gozag.

Inventory:

Hand Weapons
 k - a +2 spear of freezing (weapon)
 l - a +1 dagger of pain
Missiles
 b - 48 stones
 h - 4 poisoned darts
 D - a throwing net (quivered)
Jewellery
 e - a ring of protection from fire (left tentacle)
 i - a ring of protection from fire (right tentacle)
Wands
 v - a wand of clouds (7)
 y - a wand of flame (24)
 A - a wand of digging (4)
 C - a wand of scattershot (2)
Scrolls
 d - 7 scrolls of remove curse
 f - 2 scrolls of blinking {unknown}
 m - a scroll of immolation {unknown}
 n - 5 scrolls of teleportation
 o - a scroll of noise {unknown}
 p - 2 scrolls of magic mapping
 r - a scroll of amnesia {unknown}
 t - a scroll of identify {unknown}
 w - 2 scrolls of fear {unknown}
Potions
 a - 2 potions of curing {unknown}
 g - 6 potions of heal wounds {unknown}
 j - a potion of agility {unknown}
 q - a potion of flight {unknown}
 s - 2 potions of cancellation
 u - 3 potions of haste {unknown}
 x - a potion of might {unknown}
 z - a potion of brilliance {unknown}
 B - 3 potions of invisibility {unknown}
 E - a potion of degeneration {unknown}
 F - a potion of experience {unknown}
Comestibles
 c - 10 rations


   Skills:
 + Level 5.7 Dodging
 - Level 2.6 Stealth
 + Level 3.9 Spellcasting
 + Level 4.4 Conjurations
   Level 1.0 Transmutations
 + Level 6.1 Earth Magic


You had 10 spell levels left.
You knew the following spells:

 Your Spells              Type           Power        Failure   Level  Hunger
a - Sandblast             Erth           ####..       1%          1    None
b - Stone Arrow           Conj/Erth      ###...       4%          3    ###....

Your spell library contained the following spells:

 Spells                   Type           Power        Failure   Level  Hunger
 Passwall                 Tmut/Erth      ###.....     4%          2    ##.....
 Summon Small Mammal      Summ           #...         14%         1    None
 Call Imp                 Summ           #.......     22%         2    ##.....
 Lee's Rapid Deconstruct  Erth           ####......   30%         5    ######.
 Petrify                  Tmut/Erth      ###.....     32%         4    ####...
 Call Canine Familiar     Summ           #.......     38%         3    ###....
 Summon Guardian Golem    Hex/Summ       #.......     38%         3    ###....
 Summon Ice Beast         Ice/Summ       #.......     80%         4    ####...
 Summon Lightning Spire   Summ/Air       #.......     80%         4    ####...


Dungeon Overview and Level Annotations

Branches:
Dungeon (6/15)             Temple (1/1) D:5           Sewer (visited)

Altars:
Ashenzari
Dithmenos
Elyvilon
Fedhas
Gozag
Hepliaklqana
Kikubaaqudgha
Nemelex Xobeh
Okawaru
Qazlal
Ru
Trog
Uskayaw
Vehumet
Wu Jian
Xom
Yredelemnul
Zin
The Shining One

Annotations:
D:6 Edmund


Innate Abilities, Weirdness & Mutations

You cannot wear most types of armour.
You are very stealthy in the water. (Stealth+)
You are amphibious.
You can wear up to eight rings at the same time.
You can use your tentacles to constrict eight enemies at once.
Your skin changes colour to match your surroundings (Stealth+).
Your rubbery body absorbs attacks. (AC +1, EV +1)


Message History

b - 49 stones The water moccasin bites you.
You are poisoned.
The water moccasin poisons you!
Casting: Sandblast (safe; 1% risk of failure)
Confirm with . or Enter, or press ? or * to list all spells.
Aiming: Sandblast (safe; 1% risk of failure)
Press: ? - help, Shift-Dir - straight line, f/p - water moccasin
Aim: a water moccasin (heavily wounded)
The blast of sand hits the water moccasin!
The water moccasin is almost dead.
b - 48 stones You feel sick.
The water moccasin bites you!
* * * LOW HITPOINT WARNING * * *
It was a potion of cancellation.
You feel magically purged.
You feel sick. The water moccasin bites you!
* * * LOW HITPOINT WARNING * * *
The water moccasin bites you.
You die...
Your body crumbles into a pile of gold.

#........##
#..$......##
...........
......#...#
[.........##
...........###.
.......c.......
#S#.... #@#..#
#.#####.#..###
#............#
########.....#
#.....# #.<...#
#.....+ #.....#
#######


You could see a water moccasin and a centaur.

Vanquished Creatures
  Sigmund (D:3)
  A phantom (D:4)
  An ice beast (D:6)
  A centaur (D:5)
  2 ogres
  A howler monkey (D:6)
  2 hounds (D:3)
  A jelly (D:5)
  An orc priest (D:3)
  A gnoll shaman (D:4)
  2 worker ants
  2 hound skeletons
  3 gnolls (D:4)
  6 river rats
  9 adders
  2 oozes
  An adder skeleton (D:4)
  An adder zombie (D:5)
  6 worms
  3 dart slugs
  3 leopard geckos
  5 orcs
  4 ball pythons
  6 bats
  5 giant cockroaches
  7 goblins
  15 hobgoblins
  9 jackals
  9 kobolds
  3 quokkas
  10 frilled lizards
  A quokka zombie (D:5)
  17 rats
141 creatures vanquished.

Notes
Turn   | Place    | Note
-------+----------+-------------------------------------------
     0 | D:1      | Mesmaeker13 the Octopode Earth Elementalist began the quest
                  | for the Orb.
     0 | D:1      | Reached XP level 1. HP: 11/11 MP: 3/3
   117 | D:1      | Reached XP level 2. HP: 17/17 MP: 1/5
   495 | D:1      | Reached XP level 3. HP: 19/21 MP: 6/6
  1272 | D:2      | Reached XP level 4. HP: 26/27 MP: 8/8
  1735 | D:2      | Found a shattered altar of Ashenzari.
  2030 | D:3      | Found a stormy altar of Qazlal.
  2035 | D:3      | Learned a level 3 spell: Stone Arrow
  2268 | D:3      | Reached skill level 4 in Earth Magic
  2268 | D:3      | Reached XP level 5. HP: 27/31 MP: 7/9
  2551 | D:3      | Reached skill level 1 in Conjurations
  2862 | D:3      | Noticed Sigmund
  2913 | D:4      | Found a blossoming altar of Fedhas.
  3048 | D:4      | Reached XP level 6. HP: 29/36 MP: 4/10
  3175 | D:4      | Found a glowing drain.
  3184 | Sewer    | Entered a sewer
  3920 | D:4      | Noticed a phantom
  3937 | D:4      | Killed a phantom
  4007 | D:4      | Reached skill level 5 in Earth Magic
  4007 | D:4      | Reached XP level 7. HP: 38/41 MP: 4/11
  4282 | D:4      | Found a shadowy altar of Dithmenos.
  4287 | D:4      | Found a basalt altar of Yredelemnul.
  4288 | D:4      | Found a radiant altar of Vehumet.
  4292 | D:4      | Found a white marble altar of Elyvilon.
  4426 | D:5      | Entered Level 5 of the Dungeon
  4602 | D:5      | Found a staircase to the Ecumenical Temple.
  4613 | Temple   | Entered the Ecumenical Temple
  4634 | Temple   | Became a worshipper of Gozag Ym Sagoz the Greedy
  4708 | D:5      | Reached skill level 5 in Dodging
  5285 | D:6      | Noticed Edmund
  5305 | D:6      | Reached XP level 8. HP: 46/46 MP: 6/13
  5607 | D:3      | Killed Sigmund
  5607 | D:3      | Reached skill level 6 in Earth Magic
  6042 | D:6      | HP: 2/46 [water moccasin (9)]
  6042 | D:6      | Slain by a water moccasin

Levels and vault maps discovered:
D:1:      dpeg_arrival_tiny_a, layout_loops_ring, minmay_misc_feat_rugged
D:2:      layout_loops_ring, lemuel_round_altar, minmay_pentomino_u4
D:3:      layout_rooms, lemuel_crystal_altar, first_ration, kennysheep_nub,
          uniq_sigmund
D:4:      layout_rooms, fedhas_altar_1, minitemple, lightli_sewer_entry_pipes,
          roderic_nine_men_s_morris
D:5:      layout_rooms, temple_pool_b
D:6:      layout_basic, tso_altar, uniq_edmund
Temple:   dshaligram_water_room_temple

Skill      XL: |  1  2  3  4  5  6  7  8 |
---------------+-------------------------+-----
Dodging        | 3 4 5 |  5.7
Spellcasting   | 3 |  3.9
Earth Magic    | 4 5 6 |  6.1
Conjurations   | 1 2 3 4 |  4.4
Stealth        | |  2.6
Transmutations | |  1.0

Action                   |  1- 3 |  4- 6 |  7- 9 || total
-------------------------+-------+-------+-------++-------
Melee: Unarmed           |    42 |       |       ||    42
       Constrict         |    22 |    24 |    11 ||    57
       Tentacles         |    13 |    10 |    14 ||    37
       Dagger            |    40 |   115 |       ||   155
       Spear             |       |       |    65 ||    65
Throw: Dart              |     1 |     7 |     3 ||    11
       Stone             |     1 |       |       ||     1
       Throwing net      |       |       |     1 ||     1
 Cast: Sandblast         |    14 |    56 |    31 ||   101
       Stone Arrow       |       |       |     6 ||     6
  Use: Scroll            |     1 |     4 |       ||     5
       Potion            |       |       |     1 ||     1
 Stab: Sleeping          |     8 |    13 |    10 ||    31
       Distracted        |       |     1 |       ||     1
  Eat: Chunk             |     1 |     9 |     2 ||    12
       Ration            |       |       |     1 ||     1
Armor: Skin              |     3 |     6 |       ||     9
Dodge: Dodged            |    50 |    69 |    41 ||   160
